 Dungeon Crawl Stone Soup version 0.28-a0-1518-gbe868bca14 (webtiles) character file.

Game seed: 11308803203676420179

59 Demosthentine the Cutter (level 4, -2/29 HPs)
             Began as a Kobold Berserker on Jan 16, 2022.
             Was a Believer of Trog.
             Slain by a shadow imp (5 damage)
             ... summoned by Natasha
             ... on level 2 of the Dungeon.
             The game lasted 00:01:50 (2454 turns).

Demosthentine the Cutter (Kobold Berserker)         Turns: 2454, Time: 00:01:51

Health: -2/29      AC:  4    Str: 16    XL:     4   Next: 22%
Magic:  4/4        EV: 15    Int:  8    God:    Trog [**....]
Gold:   76         SH:  0    Dex: 14    Spells: 3/3 levels left

rFire   . . .      SeeInvis .   a - +0 short sword
rCold   . . .      Faith    .   (no shield)
rNeg    . . .      Spirit   .   b - +0 animal skin
rPois   .          Reflect  .   (no helmet)
rElec   .          Harm     .   d - +1 cloak
rCorr   .          Rampage  .   (no gloves)
Will    .....                   (no boots)
Stlth   ++........              (no amulet)
HPRegen 0.09/turn               (no ring)
MPRegen 0.09/turn               (no ring)

@: no status effects
A: small, no large weapons, nightstalker 3
a: Renounce Religion, Berserk, Trog's Hand


You were on level 2 of the Dungeon.
You worshipped Trog.
Trog was pleased with you.
You visited 1 branch of the dungeon, and saw 2 of its levels.

You collected 76 gold pieces.

Inventory:

Hand Weapons
 a - a +0 short sword (weapon)
Armour
 b - a +0 animal skin (worn)
 d - a +1 cloak (worn)
Scrolls
 c - a scroll of identify {unknown}


   Skills:
 + Level 3.8 Fighting
 + Level 4.7 Short Blades
 + Level 2.1 Armour
 + Level 3.2 Dodging


You had 3 spell levels left.
You didn't know any spells.
Your spell library was empty.

Dungeon Overview and Level Annotations

Branches:
Dungeon (2/15)

Altars:

Annotations:
D:2 Natasha


Innate Abilities, Weirdness & Mutations

You are small and have problems with some larger weapons.
You are completely attuned to the shadows.


Message History

Things that are here:
a +0 dagger; 3 stones; a kobold skeleton Key pressed, stopping explore.
No target in view!
There is an open door here.
There is an open door here.
Natasha, Servant of Life and Death comes into view.
Natasha is nearby!
Natasha hisses angrily.
Natasha misses you.
Natasha is nearby!
You hit Natasha.
Natasha is lightly wounded.
Natasha misses you.
Natasha is nearby!
You hit Natasha.
Natasha is moderately wounded.
Natasha misses you.
You hit Natasha but do no damage.
Natasha is moderately wounded.
You hit Natasha but do no damage.
Natasha is moderately wounded.
Natasha casts a spell.
You closely miss Natasha.
Natasha is moderately wounded.
Natasha claws you.
You hit Natasha but do no damage.
Natasha is moderately wounded.
The shadow imp barely misses you. Natasha claws you.
You closely miss Natasha.
Natasha is moderately wounded.
The shadow imp barely misses you. Natasha claws you!
You hit Natasha.
Natasha is heavily wounded.
The shadow imp completely misses you. Natasha claws you!
* * * LOW HITPOINT WARNING * * *
You closely miss Natasha.
Natasha is heavily wounded.
The shadow imp hits you.
You die...

#......
#......
#######
############
#.h........#
#..@5......#
#..........#
#..........#
##########.#
#.# #.#
###### #.#
#....#
#.###....##
#.'......'.


You could see Natasha and a shadow imp (summoned).

Vanquished Creatures
  2 adders (D:2)
  An endoplasm (D:1)
  5 hobgoblins
  2 quokkas (D:2)
  7 ball pythons
  2 bats (D:2)
  2 frilled lizards
  9 goblins
  6 kobolds
  2 rats (D:1)
38 creatures vanquished.

Notes
Turn   | Place    | Note
-------+----------+-------------------------------------------
     0 | D:1      | Demosthentine the Kobold Berserker began the quest for the
                  | Orb.
     0 | D:1      | Reached XP level 1. HP: 14/14 MP: 1/1
   229 | D:1      | Reached XP level 2. HP: 10/19 MP: 2/2
   514 | D:1      | Found a faded altar of an unknown god.
  1020 | D:1      | Reached XP level 3. HP: 23/23 MP: 3/3
  1069 | D:1      | Reached ** piety under Trog
  1947 | D:2      | Reached XP level 4. HP: 26/29 MP: 4/4
  2442 | D:2      | Noticed Natasha
  2454 | D:2      | Slain by a shadow imp

Illustrated notes

Levels and vault maps discovered:
D:1:      amcnicky_arrival_flooded_fountain, layout_rooms,
          hellmonk_ecumenical_altar_prayer_group, chequers_garden,
          hangedman_feature_mirror
D:2:      layout_basic, serial_corexii_hall, corexii_hall_statues_l,
          corexii_hall_statues_u, kennysheep_generic_room_11, uniq_natasha,
          uniq_crazy_yiuf_cottage

Skill      XL: |  1  2  3 |
---------------+----------+-----
Armour         | 2 |  2.1
Dodging        | 3 |  3.2
Fighting       | |  3.8
Short Blades   | |  4.7

Action                   |  1- 3 |  4- 6 || total
-------------------------+-------+-------++-------
Melee: Short sword       |   109 |    43 ||   152
  Use: Scroll            |     3 |       ||     3
       Potion            |     1 |       ||     1
 Stab: Sleeping          |     7 |       ||     7
       Distracted        |       |     1 ||     1
Armor: Animal skin       |     9 |     5 ||    14
Dodge: Dodged            |    69 |    24 ||    93

Table legend: (Time is in decaauts)
 A = Elapsed time spent in this place.
 B = Non-inter-level travel time spent in this place.
 C = Inter-level travel time spent in this place.
 D = Time resting spent in this place.
 E = Time spent auto-exploring this place.
 F = Levels seen in this place.
 G = Mean time per level.
                   A        B        C        D        E       F      G
               +--------+--------+--------+--------+--------+-----+--------+
         Total |   2420 |   2390 |     30 |    197 |   1888 |   2 | 1210.0 |
       Dungeon |   2420 |   2390 |     30 |    197 |   1888 |   2 | 1210.0 |
               +--------+--------+--------+--------+--------+-----+--------+

Top non-repeatable levels by time:
     D:1: 1360 daAuts
     D:2: 1060 daAuts
